Map: Battle on the Boardwalk LE

Players

JohnSnow - Winner!

  • Race: Terran Terran
  • Spawn Location: 11:00

A.I. 1 (Harder)

  • Race: Protoss Protoss
  • Spawn Location: 1:00

VOD

Have the link to the VOD?

Description

Time

  • Played on: Jan. 13, 2018, 10:55 p.m.
  • Length: 12:21
Show
View Real Time Build Order
Export as new Build Order

JohnSnow Terran - Winner!

Build Orders: Reaper Expand 

Get SALT Encoding   

  12  0:01  SCV  
  13  0:13  SCV  
  14  0:18  Supply Depot  
  14  0:26  SCV  
  15  0:40  SCV  
  16  0:44  Barracks  
  16  0:47  Refinery  
  16  0:56  SCV  
  17  1:08  SCV  
  18  1:20  SCV  
  19  1:34  Reaper  
  19  1:37  Orbital Command  
  20  1:55  Command Center  
  20  2:03  SCV  
  21  2:12  Barracks  
  21  2:22  Barracks Reactor  
  21  2:50  SCV  
  21  2:51  Refinery  
  22  3:01  Marine  
  23  3:06  Marine x2  
  23  3:07  SCV  
  26  3:18  Orbital Command  
  26  3:21  Supply Depot  
  26  3:32  SCV  
  27  3:35  Marine  
  27  3:36  Marine  
  30  3:44  Supply Depot, SCV  
  30  3:50  Barracks Tech Lab  
  30  3:53  Marine, SCV  
  30  3:55  Marine  
  33  3:56  SCV  
  34  4:05  SCV  
  35  4:11  Marine  
  35  4:13  Marine  
  35  4:16  SCV  
  38  4:18  SCV  
  39  4:24  Refinery  
  39  4:28  SCV  
  39  4:30  Factory, SCV  
  41  4:36  Marine x2  
  41  4:37  Marine  
  44  4:40  SCV  
  44  4:42  SCV  
  46  4:52  Supply Depot  
  46  4:54  Marine x2  
  46  4:55  Marauder  
  49  5:13  Marine x2  
  51  5:15  Bunker  
  51  5:16  Marine  
  51  5:19  Factory Reactor  
  52  5:23  Starport  
  52  5:31  Marine x2  
  52  5:32  SCV x2  
  52  5:34  Marauder  
  58  5:44  SCV  
  59  5:54  Barracks  
  59  5:55  Command Center  
  59  6:01  Engineering Bay  
  59  6:05  Engineering Bay  
  59  6:08  Refinery  
  59  6:31  Supply Depot  
  59  6:38  Factory Tech Lab  
  59  6:41  Stimpack  
  59  6:42  Barracks, Marine  
  59  6:43  Marine x2  
  62  6:53  Supply Depot  
  56  7:00  Marine x2  
  56  7:01  Marine  
  57  7:04  SCV x2  
  59  7:09  Orbital Command  
  59  7:13  Siege Tank  
  59  7:14  Medivac  
  59  7:15  Medivac  
  66  7:16  Supply Depot, SCV x2  
  66  7:18  Marine x3  
  71  7:28  SCV  
  72  7:34  Refinery  
  72  7:40  Barracks Reactor  
  72  7:42  Barracks Reactor  
  72  7:45  Marine x2, Siege Tank  
  72  7:46  Marine  
  72  7:50  Medivac x2  
  82  8:03  Marine x3  
  82  8:05  SCV x3  
  88  8:17  Siege Tank, SCV x3  
  94  8:20  Medivac  
  94  8:21  Marine x3  
  99  8:56  SCV  
  99  8:57  SCV  
  101  9:13  Supply Depot  
  101  9:23  Marine x2, SCV x2, Medivac x2  
  109  9:26  Marine x5  
  109  9:27  Siege Tank  
  109  9:29  Supply Depot  
  117  9:35  Supply Depot, SCV x2  
  119  9:41  Marine x2  
  119  9:44  Marine x4  
  125  9:50  Marine  
  126  9:59  Supply Depot, Siege Tank  
  106  10:20  Marine x2  
  106  10:21  Marine x5  
  107  10:25  Medivac x2  
  114  10:31  Siege Tank  
  114  10:38  Marine x2  
  114  10:48  Marine x5  
  119  10:51  SCV x3  
  119  10:55  Medivac x2  
  119  10:56  Marine x2  
  128  11:03  Siege Tank, SCV x3  
  134  11:15  SCV  
  135  11:24  Supply Depot  
  135  11:25  Medivac x2  
  139  11:47  Supply Depot  
Show
View Real Time Build Order
Export as new Build Order

A.I. 1 (Harder) Protoss 

Build Orders:  

Get SALT Encoding   

  12  0:00  Probe  
  13  0:13  Probe  
  14  0:19  Pylon  
  14  0:25  Probe  
  15  0:37  Probe  
  15  0:39  Gateway  
  16  0:48  Assimilator  
  16  0:49  Probe  
  17  1:01  Probe, Pylon  
  18  1:13  Probe  
  19  1:26  Zealot, Probe  
  19  1:28  Cybernetics Core  
  22  1:45  Gateway  
  22  1:48  Assimilator  
  22  1:54  Zealot  
  24  2:05  Pylon  
  24  2:21  Stalker  
  26  2:30  Warp Gate  
  26  2:31  Stalker  
  28  2:47  Pylon  
  28  2:51  Zealot  
  30  3:01  Zealot  
  32  3:18  Stalker  
  34  3:28  Stalker  
  36  3:34  Pylon  
  36  3:48  Stalker  
  38  3:53  Probe  
  39  3:58  Adept  
  41  4:05  Probe  
  42  4:10  Pylon  
  42  4:17  Probe  
  42  4:18  Adept  
  45  4:25  Stalker  
  45  4:26  Forge  
  45  4:29  Probe  
  47  4:41  Probe  
  48  4:53  Stalker, Probe  
  51  5:05  Probe  
  52  5:42  Probe  
  52  6:18  Protoss Ground Weapons Level 1, Adept  
  54  6:21  Gateway  
  54  6:23  Twilight Council  
  54  6:25  Photon Cannon, Sentry  
  56  6:27  Pylon  
  56  6:30  Photon Cannon, Nexus  
  56  6:38  Adept  
  56  6:48  Adept  
  56  6:49  Robotics Facility  
  50  6:58  Adept  
  42  7:01  Blink  
  42  7:08  Zealot  
  43  7:16  Zealot  
  45  7:23  Adept  
  47  7:30  Stalker  
  49  7:37  Stalker  
  49  7:39  Observer  
  49  7:42  Probe x2  
  54  7:44  Sentry  
  56  7:53  Stalker  
  56  7:54  Probe x2  
  59  8:04  Stalker  
  62  8:05  Observer  
  62  8:06  Probe  
  62  8:08  Probe  
  62  8:12  Protoss Ground Armor Level 1  
  64  8:18  Probe  
  65  8:20  Probe  
  65  8:24  Pylon  
  66  8:28  Pylon  
  66  8:30  Probe  
  66  8:32  Probe  
  68  8:42  Stargate  
  68  8:43  Probe  
  68  8:44  Probe  
  70  8:52  Photon Cannon  
  70  8:55  Probe  
  71  8:57  Probe  
  71  9:02  Photon Cannon  
  72  9:07  Probe  
  72  9:09  Probe  
  74  9:35  Assimilator  
  74  9:39  Assimilator  
  74  9:57  Stalker, Probe  
  73  10:02  Probe  
  73  10:04  Stalker  
  64  10:09  Probe  
  64  10:12  Adept  
  53  10:14  Probe  
  53  10:20  Sentry  
  47  10:25  Nexus  
  47  10:27  Sentry  
  36  10:32  Adept  
  33  10:36  Assimilator  
  23  10:43  Stalker  
  16  10:50  Adept  
  16  10:54  Stalker  
  8  11:06  Zealot  
  8  11:10  Zealot  
  8  11:17  Adept  
  8  11:26  Stalker  
  8  11:30  Adept  
  8  11:45  Pylon  
Tags
 
Add a new tag
Caveats
  • Supply blocks, unpowered buildings, or Contaminate may cause inaccurate times.
  • Supply counts are checked every 10 seconds.